[ AOE2 MATCH · #507070880 ]
UnrankedChinese vs Armenians
Player's team · LOSS
Rival team · WIN
[ REPLAY ANALYSIS · EXTRACTED FROM THE RECORDED GAME ]
Feudal
9:08
Castle
19:03
Imperial
—
| APM avg | 52.4 |
| APM peak | 93 |
| eAPM avg | 30.1 |
| Villagers / military | 147 / 108 |
Focus
⚔️ 43.8% · 🌾 56.2%
Skirmisher ×42 · Archer ×32 · Knight ×25 · Scout Cavalry ×6 · Iron Pagoda ×2 · Battering Ram ×1
Feudal
12:18
Castle
17:53
Imperial
35:10
| APM avg | 86.5 |
| APM peak | 116 |
| eAPM avg | 35.8 |
| Villagers / military | 126 / 106 |
Focus
⚔️ 41.1% · 🌾 58.9%
Skirmisher ×44 · Archer ×39 · Spearman ×11 · Warrior Priest ×6 · Mangonel ×3 · Trebuchet (Packed) ×3
Match map
Initial resources + every placement click. Lines = walls · curves = elevation contours. ◆ gold · ⬟ stone · ● berries · ✦ relic · ◌ wall gap
Your base· ✓ Closed at 19:03 · 62t walls · 1 gate(s)
the best BO's's base· Open — opponent sealed themselves in
Smoothed initial terrain · ◌ = detected wall gap · hover for details
Inputs per minute
— [R1] 12Tirador - - the best BO's
Build order — [R1] 12Tirador
First 150 of 413 actions detected
| 0:02 | Research | Loom |
| 0:43 | Queue | Villager (Male) |
| 1:10 | Queue | Villager (Male) |
| 1:36 | Queue | Villager (Male) |
| 1:41 | Build | Lumber Camp |
| 1:59 | Queue | Villager (Male) |
| 2:24 | Queue | Villager (Male) |
| 2:25 | Queue | Villager (Male) |
| 2:48 | Queue | Villager (Male) |
| 3:08 | Build | House |
| 3:10 | Build | House |
| 3:13 | Queue | Villager (Male) |
| 3:26 | Queue | Villager (Male) |
| 3:42 | Queue | Villager (Male) |
| 3:42 | Queue | Villager (Male) |
| 4:06 | Queue | Villager (Male) |
| 4:06 | Queue | Villager (Male) |
| 4:10 | Queue | Villager (Male) |
| 4:16 | Build | Palisade Gate |
| 4:46 | Queue | Villager (Male) |
| 4:46 | Queue | Villager (Male) |
| 4:53 | Build | Mill |
| 5:14 | Build | Palisade Wall |
| 5:20 | Build | Palisade Wall |
| 5:20 | Build | Palisade Wall |
| 5:21 | Build | Palisade Wall |
| 5:26 | Build | Palisade Wall |
| 5:33 | Queue | Villager (Male) |
| 5:51 | Build | Palisade Wall |
| 6:05 | Queue | Villager (Male) |
| 6:32 | Build | Palisade Wall |
| 6:51 | Build | Palisade Wall |
| 6:55 | Build | Palisade Wall |
| 6:58 | Research | Feudal Age |
| 6:59 | Research | Feudal Age |
| 7:20 | Queue | Villager (Male) |
| 7:33 | Build | Lumber Camp |
| 7:33 | Queue | Villager (Male) |
| 7:36 | Build | Palisade Wall |
| 7:43 | Build | Palisade Wall |
| 7:54 | Build | Palisade Wall |
| 7:59 | Build | Palisade Wall |
| 8:06 | Build | Palisade Wall |
| 8:11 | Build | Palisade Wall |
| 8:18 | Queue | Villager (Male) |
| 8:21 | Build | Palisade Wall |
| 8:30 | Queue | Villager (Male) |
| 8:34 | Queue | Villager (Male) |
| 8:42 | Build | Palisade Wall |
| 8:46 | Build | Palisade Wall |
| 8:49 | Queue | Villager (Male) |
| 9:08 | Age | Feudal Age |
| 9:09 | Queue | Villager (Male) |
| 9:11 | Research | Double-Bit Axe |
| 9:16 | Research | Horse Collar |
| 9:26 | Queue | Villager (Male) |
| 9:51 | Build | Farm |
| 9:52 | Build | Farm |
| 9:56 | Build | Farm |
| 9:59 | Build | Farm |
| 10:09 | Build | Farm |
| 10:11 | Build | Farm |
| 10:19 | Build | House |
| 10:19 | Queue | Villager (Male) |
| 10:19 | Queue | Villager (Male) |
| 10:37 | Queue | Villager (Male) |
| 10:55 | Build | Barracks |
| 10:59 | Build | Palisade Wall |
| 11:01 | Build | Palisade Wall |
| 11:03 | Queue | Villager (Male) |
| 11:12 | Build | House |
| 11:17 | Build | Farm |
| 11:18 | Queue | Villager (Male) |
| 11:35 | Build | Farm |
| 11:37 | Queue | Villager (Male) |
| 11:48 | Build | Palisade Wall |
| 11:59 | Queue | Villager (Male) |
| 12:04 | Build | Archery Range |
| 12:05 | Queue | Villager (Male) |
| 12:10 | Build | Farm |
| 12:18 | Build | Palisade Wall |
| 12:19 | Build | Palisade Wall |
| 12:28 | Queue | Villager (Male) |
| 12:37 | Build | Mining Camp |
| 12:48 | Build | Palisade Wall |
| 12:50 | Build | Palisade Wall |
| 12:51 | Queue | Villager (Male) |
| 12:54 | Build | House |
| 12:57 | Queue | Archer |
| 13:00 | Queue | Villager (Male) |
| 13:13 | Build | Farm |
| 13:21 | Queue | Villager (Male) |
| 13:24 | Build | Farm |
| 13:41 | Queue | Villager (Male) |
| 13:43 | Build | Farm |
| 13:52 | Build | House |
| 13:56 | Queue | Villager (Male) |
| 14:05 | Queue | Archer |
| 14:07 | Build | Farm |
| 14:08 | Queue | Villager (Male) |
| 14:13 | Research | Wheelbarrow |
| 14:14 | Queue | Villager (Male) |
| 14:36 | Build | Blacksmith |
| 15:50 | Build | Farm |
| 15:54 | Build | Archery Range |
| 15:58 | Queue | Villager (Male) |
| 16:01 | Build | House |
| 16:22 | Research | Castle Age |
| 16:22 | Research | Castle Age |
| 16:34 | Queue | Archer |
| 16:34 | Queue | Archer |
| 16:43 | Queue | Archer |
| 16:43 | Queue | Archer |
| 16:47 | Queue | Archer |
| 16:51 | Build | House |
| 16:58 | Build | House |
| 17:02 | Queue | Villager (Male) |
| 17:03 | Queue | Archer |
| 17:03 | Queue | Archer |
| 17:11 | Research | Fletching |
| 17:11 | Research | Fletching |
| 17:24 | Queue | Archer |
| 17:24 | Queue | Archer |
| 17:27 | Research | Gold Mining |
| 17:30 | Queue | Archer |
| 17:31 | Queue | Archer |
| 17:50 | Queue | Archer |
| 18:09 | Queue | Archer |
| 18:19 | Queue | Villager (Male) |
| 18:23 | Build | Market |
| 18:24 | Queue | Archer |
| 18:25 | Queue | Archer |
| 18:29 | Research | Padded Archer Armor |
| 18:36 | Build | House |
| 18:37 | Build | House |
| 18:37 | Build | House |
| 18:39 | Build | House |
| 18:40 | Queue | Archer |
| 18:42 | Build | Palisade Wall |
| 19:03 | Age | Castle Age |
| 19:04 | Research | Bodkin Arrow |
| 19:10 | Research | Crossbowman (upgrade) |
| 19:10 | Research | Crossbowman (upgrade) |
| 19:12 | Queue | Villager (Male) |
| 19:12 | Queue | Villager (Male) |
| 19:13 | Queue | Villager (Male) |
| 19:18 | Build | Town Center |
| 19:25 | Build | House |
| 19:37 | Build | House |
| 19:40 | Queue | Villager (Male) |
Build order — the best BO's
First 150 of 422 actions detected
| 0:01 | Queue | Villager (Male) |
| 0:01 | Build | House |
| 0:02 | Build | House |
| 0:04 | Queue | Villager (Male) |
| 0:08 | Queue | Villager (Male) |
| 0:08 | Queue | Villager (Male) |
| 1:25 | Queue | Villager (Male) |
| 2:01 | Build | Mule Cart |
| 2:02 | Queue | Villager (Male) |
| 2:02 | Queue | Villager (Male) |
| 2:02 | Queue | Villager (Male) |
| 2:26 | Queue | Villager (Male) |
| 2:26 | Queue | Villager (Male) |
| 2:51 | Queue | Villager (Male) |
| 2:51 | Queue | Villager (Male) |
| 2:52 | Queue | Villager (Male) |
| 3:00 | Build | House |
| 3:03 | Build | House |
| 3:05 | Build | House |
| 3:15 | Queue | Villager (Male) |
| 3:15 | Queue | Villager (Male) |
| 3:15 | Queue | Villager (Male) |
| 3:47 | Build | Barracks |
| 3:47 | Queue | Villager (Male) |
| 3:48 | Queue | Villager (Male) |
| 4:13 | Queue | Villager (Male) |
| 4:23 | Build | House |
| 4:33 | Queue | Villager (Male) |
| 4:44 | Queue | Spearman |
| 4:56 | Build | House |
| 5:04 | Queue | Spearman |
| 5:07 | Queue | Villager (Male) |
| 5:13 | Build | House |
| 5:27 | Queue | Villager (Male) |
| 5:27 | Queue | Villager (Male) |
| 5:27 | Queue | Villager (Male) |
| 5:42 | Queue | Spearman |
| 5:57 | Queue | Villager (Male) |
| 5:57 | Queue | Villager (Male) |
| 5:58 | Queue | Villager (Male) |
| 5:58 | Queue | Villager (Male) |
| 6:09 | Build | Mill |
| 6:18 | Queue | Villager (Male) |
| 6:18 | Queue | Villager (Male) |
| 6:48 | Queue | Villager (Male) |
| 6:48 | Queue | Villager (Male) |
| 6:48 | Queue | Villager (Male) |
| 7:09 | Queue | Villager (Male) |
| 7:09 | Queue | Villager (Male) |
| 7:09 | Queue | Villager (Male) |
| 7:21 | Queue | Villager (Male) |
| 7:21 | Queue | Villager (Male) |
| 7:27 | Build | Mule Cart |
| 7:34 | Queue | Villager (Male) |
| 7:48 | Queue | Villager (Male) |
| 7:50 | Queue | Villager (Male) |
| 7:54 | Queue | Villager (Male) |
| 8:12 | Queue | Villager (Male) |
| 8:22 | Build | Farm |
| 8:24 | Build | Farm |
| 8:26 | Build | Farm |
| 9:22 | Research | Loom |
| 9:45 | Research | Feudal Age |
| 9:45 | Research | Feudal Age |
| 10:58 | Build | Farm |
| 11:00 | Build | Farm |
| 11:01 | Build | Farm |
| 11:02 | Build | Farm |
| 11:33 | Queue | Villager (Male) |
| 12:04 | Build | Mule Cart |
| 12:10 | Queue | Villager (Male) |
| 12:15 | Build | House |
| 12:18 | Age | Feudal Age |
| 12:24 | Build | Archery Range |
| 12:25 | Research | Double-Bit Axe |
| 12:30 | Queue | Villager (Male) |
| 12:33 | Build | House |
| 12:36 | Build | House |
| 12:44 | Queue | Villager (Male) |
| 13:04 | Build | Palisade Wall |
| 13:05 | Build | Palisade Wall |
| 13:05 | Build | Palisade Wall |
| 13:14 | Queue | Villager (Male) |
| 13:20 | Build | Blacksmith |
| 13:27 | Queue | Archer |
| 13:35 | Queue | Archer |
| 13:39 | Queue | Villager (Male) |
| 14:22 | Build | Farm |
| 14:26 | Build | Farm |
| 14:28 | Build | Farm |
| 14:32 | Build | Farm |
| 14:36 | Queue | Villager (Male) |
| 14:43 | Build | Archery Range |
| 14:58 | Build | House |
| 15:12 | Research | Castle Age |
| 15:12 | Research | Castle Age |
| 15:12 | Research | Castle Age |
| 15:16 | Build | Farm |
| 15:27 | Research | Padded Archer Armor |
| 15:30 | Build | Palisade Gate |
| 15:32 | Build | House |
| 15:54 | Research | Gold Mining |
| 15:55 | Research | Gold Mining |
| 15:55 | Queue | Archer |
| 15:55 | Queue | Archer |
| 16:02 | Queue | Archer |
| 16:10 | Build | Outpost |
| 16:15 | Build | Outpost |
| 16:23 | Queue | Archer |
| 16:23 | Queue | Archer |
| 16:26 | Research | Horse Collar |
| 16:28 | Research | Fletching |
| 16:28 | Research | Fletching |
| 16:28 | Research | Fletching |
| 16:46 | Queue | Archer |
| 16:46 | Queue | Archer |
| 16:55 | Queue | Archer |
| 16:55 | Queue | Archer |
| 17:10 | Build | Farm |
| 17:19 | Queue | Archer |
| 17:32 | Build | Farm |
| 17:51 | Queue | Villager (Male) |
| 17:53 | Age | Castle Age |
| 17:58 | Research | Crossbowman (upgrade) |
| 17:58 | Research | Crossbowman (upgrade) |
| 17:58 | Research | Crossbowman (upgrade) |
| 18:02 | Research | Bodkin Arrow |
| 18:03 | Research | Bodkin Arrow |
| 18:07 | Queue | Villager (Male) |
| 18:09 | Build | Town Center |
| 18:17 | Queue | Archer |
| 18:18 | Build | Farm |
| 18:34 | Queue | Archer |
| 18:38 | Queue | Villager (Male) |
| 18:56 | Research | Bow Saw |
| 18:56 | Research | Bow Saw |
| 18:56 | Research | Bow Saw |
| 18:56 | Research | Bow Saw |
| 19:10 | Queue | Archer |
| 19:10 | Queue | Archer |
| 19:11 | Queue | Villager (Male) |
| 19:31 | Queue | Villager (Male) |
| 19:38 | Queue | Villager (Male) |
| 19:50 | Queue | Archer |
| 19:59 | Queue | Villager (Male) |
| 20:00 | Build | House |
| 20:01 | Build | House |
| 20:07 | Queue | Villager (Male) |
| 20:10 | Queue | Villager (Male) |
| 20:13 | Build | University |
Match timeline
| 3:47 | the best BO's · first_building Barracks |
| 5:14 | [R1] 12Tirador · wall_segment Palisade Wall x11 |
| 5:20 | [R1] 12Tirador · wall_segment Palisade Wall x1 |
| 5:20 | [R1] 12Tirador · wall_segment Palisade Wall x1 |
| 5:21 | [R1] 12Tirador · wall_segment Palisade Wall x1 |
| 5:26 | [R1] 12Tirador · wall_segment Palisade Wall x1 |
| 5:51 | [R1] 12Tirador · wall_segment Palisade Wall x8 |
| 6:32 | [R1] 12Tirador · wall_segment Palisade Wall x1 |
| 6:51 | [R1] 12Tirador · wall_segment Palisade Wall x1 |
| 6:55 | [R1] 12Tirador · wall_segment Palisade Wall x3 |
| 7:36 | [R1] 12Tirador · wall_segment Palisade Wall x1 |
| 7:43 | [R1] 12Tirador · wall_segment Palisade Wall x1 |
| 7:54 | [R1] 12Tirador · wall_segment Palisade Wall x1 |
| 7:59 | [R1] 12Tirador · wall_segment Palisade Wall x1 |
| 8:06 | [R1] 12Tirador · wall_segment Palisade Wall x1 |
| 8:11 | [R1] 12Tirador · wall_segment Palisade Wall x1 |
| 8:21 | [R1] 12Tirador · wall_segment Palisade Wall x1 |
| 8:42 | [R1] 12Tirador · wall_segment Palisade Wall x1 |
| 8:46 | [R1] 12Tirador · wall_segment Palisade Wall x1 |
| 9:08 | [R1] 12Tirador · age_up feudal |
| 10:55 | [R1] 12Tirador · first_building Barracks |
| 10:59 | [R1] 12Tirador · wall_segment Palisade Wall x1 |
| 11:01 | [R1] 12Tirador · wall_segment Palisade Wall x1 |
| 11:48 | [R1] 12Tirador · wall_segment Palisade Wall x5 |
| 12:04 | [R1] 12Tirador · first_building Archery Range |
| 12:18 | the best BO's · age_up feudal |
| 12:18 | [R1] 12Tirador · wall_segment Palisade Wall x8 |
| 12:19 | [R1] 12Tirador · wall_segment Palisade Wall x1 |
| 12:24 | the best BO's · first_building Archery Range |
| 12:48 | [R1] 12Tirador · wall_segment Palisade Wall x6 |
| 12:50 | [R1] 12Tirador · wall_segment Palisade Wall x4 |
| 13:04 | the best BO's · wall_segment Palisade Wall x3 |
| 13:05 | the best BO's · wall_segment Palisade Wall x3 |
| 13:05 | the best BO's · wall_segment Palisade Wall x2 |
| 17:53 | the best BO's · age_up castle |
| 18:42 | [R1] 12Tirador · wall_segment Palisade Wall x1 |
| 19:03 | [R1] 12Tirador · age_up castle |
| 20:13 | [R1] 12Tirador · first_market_sell 100 stone |
| 20:15 | [R1] 12Tirador · first_market_buy 100 wood |
| 20:36 | the best BO's · first_building Monastery |
| 22:59 | [R1] 12Tirador · first_building Siege Workshop |
| 26:23 | the best BO's · first_building Siege Workshop |
| 28:05 | [R1] 12Tirador · wall_segment Palisade Wall x1 |
| 30:13 | [R1] 12Tirador · first_building Stable |
| 35:06 | [R1] 12Tirador · first_building Castle |
| 35:10 | the best BO's · age_up imperial |
| 35:17 | the best BO's · first_building Castle |
| 36:23 | the best BO's · first_market_sell 100 food |
| 36:24 | the best BO's · first_market_buy 100 wood |
| 36:30 | [R1] 12Tirador · resign |
[ AI ANALYSIS · 1 CREDIT ]
What really happened in this match?
Wolo.gg analyzes every decision: build order, eco, micro, common mistakes by bracket. Personalized analysis on WhatsApp or Discord in 30 seconds.
Civ guide
Chinese
Perfil
Jugador #260973